 Dungeon Crawl Stone Soup version 0.28.0-53-g5a82cb258f (webtiles) character file.

Game seed: 1572721202252370557

63 firemarshallily the Slasher (level 3, -1/28 HPs)
             Began as a Demonspawn Gladiator on July 2, 2022.
             Slain by Sigmund
             ... wielding a +0 scythe
              (4 damage)
             ... on level 3 of the Dungeon.
             The game lasted 00:05:12 (1856 turns).

firemarshallily the Slasher (Demonspawn Gladiator)  Turns: 1856, Time: 00:05:12

Health: -1/28      AC:  6    Str: 16    XL:     3   Next: 89%
Magic:  3/3        EV: 12    Int:  9    God:
Gold:   47         SH:  0    Dex: 14    Spells: 2/2 levels left

rFire   . . .      SeeInvis .   a - +0 long sword
rCold   + . .      Faith    .   (no shield)
rNeg    . . .      Spirit   .   b - +0 leather armour
rPois   .          Reflect  .   c - +0 helmet
rElec   .          Harm     .   h - +0 cloak
rCorr   .          Rampage  .   (no gloves)
Will    +....                   g - +0 pair of boots
Stlth   +.........              (no amulet)
HPRegen 0.09/turn               e - ring of protection from cold
MPRegen 0.08/turn               k - ring of willpower

@: studying Translocations
A: demonic touch 1
a: no special abilities


You were on level 3 of the Dungeon.
You visited 1 branch of the dungeon, and saw 3 of its levels.

You collected 47 gold pieces.

Inventory:

Hand Weapons
 a - a +0 long sword (weapon)
Missiles
 d - a throwing net (quivered)
 f - 17 stones
Armour
 b - a +0 leather armour (worn)
 c - a +0 helmet (worn)
 g - a +0 pair of boots (worn)
 h - a +0 cloak (worn)
Jewellery
 e - a ring of protection from cold (left hand)
 k - a ring of willpower (right hand)
Scrolls
 j - a scroll of noise {unknown}
 m - 3 scrolls of blinking
 n - a scroll of teleportation {unknown}
Potions
 i - a potion of cancellation
 l - 2 potions of brilliance


   Skills:
 * Level 2.9 Fighting
 * Level 3.3 Long Blades
 - Level 2.0 Throwing
 + Level 0.4 Armour
 - Level 3.0 Dodging
 + Level 0.4 Unarmed Combat


You had 2 spell levels left.
You didn't know any spells.
Your spell library was empty.

Dungeon Overview and Level Annotations

Branches:
Dungeon (3/15)

Altars:

Shops:
D:3 :

Annotations:
D:3 Sigmund


Innate Abilities, Weirdness & Mutations

Your touch may inflict minor irresistible damage on your foes.


Message History

Throw: 3 throwing nets
Press: ? - help, Q - select action, (/) - cycle Shift-Dir - straight line, f - Sigmund
Aim: Sigmund, wielding a +0 scythe and wearing a +0 robe (57% to hit)
You throw a throwing net. The throwing net hits Sigmund.
Sigmund is caught in the net!
Sigmund struggles against the net.
Sigmund struggles against the net.
A goblin comes into view. It is wielding a +0 dagger.
Sigmund struggles against the net.
You closely miss the rat. The rat completely misses you.
Sigmund struggles against the net.
You barely miss the rat.
You touch the rat.
You kill the rat!
Sigmund struggles against the net.
The net rips apart, and Sigmund comes free!
Sigmund casts a spell.
Sigmund flickers and vanishes!
Deactivating autopickup; reactivate with Ctrl-A.
You closely miss the goblin. The goblin barely misses you.
The goblin hits you but does no damage.
You slash the goblin!
You kill the goblin!
Something completely misses you.
A magic dart appears from out of thin air!
The magic dart hits you.
You see here a rat skeleton.
Something hits you.
You slash something!
You hear some strange, mumbled words.
A magic dart appears from out of thin air!
The magic dart hits you but does no damage.
You barely miss something. Something hits you!
Throw: 2 throwing nets
Press: ? - help, Q - select action, (/) - cycle Shift-Dir - straight line You throw a throwing net.
You hit something. Your touch misses something. Something hits you!
* * * LOW HITPOINT WARNING * * *
Okay, then.
You hit something. You punch something. Something hits you.
You die...

..# >..## #.... # ## #...#
.#. #. #####....### ....
#. ##...#.......
.....#.#### ##....)......#
#.........###.)...........
#....=).(.....{@........#
#....####..#.<..........#
#... #..............##
.... #.##.....##...## #..
≈≈.######.# #### #. ∩...#
#.(. # ≈≈≈## ###.. ≈≈≈#
..# ..


There were no monsters in sight!

Vanquished Creatures
  Terence (D:3)
  2 dart slugs
  2 ball pythons (D:1)
  2 endoplasms
  2 giant cockroaches (D:1)
  4 goblins
  A hobgoblin (D:1)
  2 jackals (D:2)
  3 kobolds (D:1)
  A quokka (D:1)
  5 bats
  3 frilled lizards (D:1)
  5 rats
33 creatures vanquished.

Notes
Turn   | Place    | Note
-------+----------+-------------------------------------------
     0 | D:1      | firemarshallily the Demonspawn Gladiator began the quest
                  | for the Orb.
     0 | D:1      | Reached XP level 1. HP: 16/16 MP: 1/1
   127 | D:1      | Identified a scroll of acquirement
   127 | D:1      | Acquired a manual of Translocations
   219 | D:1      | Gained mutation: Your touch may inflict minor irresistible
                  | damage on your foes. [demonic ancestry]
   219 | D:1      | Reached XP level 2. HP: 22/22 MP: 2/2
  1079 | D:2      | Reached XP level 3. HP: 24/27 MP: 3/3
  1577 | D:3      | Noticed Terence
  1577 | D:3      | Found Paffisit's Book Emporium.
  1587 | D:3      | Killed Terence
  1830 | D:3      | Noticed Sigmund
  1856 | D:3      | Slain by Sigmund

Illustrated notes

Levels and vault maps discovered:
D:1:      psy_arrival_basics, layout_rooms, chequers_serial_rivers_small_a,
          hangedman_feature_mirror, kennysheep_another_room,
          minmay_misc_feat_columns, minmay_tree_intersection
D:2:      layout_basic, grunt_ministairs_6
D:3:      layout_rooms, shapermc_ecumenical_altar_pompeii, serial_shops,
          nicolae_shop_waterfront, uniq_terence, uniq_robin, uniq_sigmund

Skill      XL: |  1  2 |
---------------+-------+-----
Throwing       | 2 |  2.0
Dodging        | 3 |  3.0
Long Blades    | 3 |  3.3
Fighting       | |  2.9
Armour         | |  0.4
Unarmed Combat | |  0.4

Action                   || total
-------------------------++-------
Melee: Long sword        ||    78
       Touch             ||     5
       Punch             ||     2
Throw: Throwing net      ||     2
  Use: Scroll            ||     7
Armor: Leather armour    ||    37
Dodge: Dodged            ||    70
